 Dungeon Crawl Stone Soup version 0.30.0-13-g156ef70053 (webtiles) character file.

Game seed: 10956055803605267845

10648 freelancePsychic the Carver (level 11, -24/95 HPs)
             Began as a Demigod Reaver on May 17, 2023.
             Shot with an arrow by a death knight (27 damage)
             ... on level 9 of the Dungeon.
             The game lasted 00:19:24 (10393 turns).

freelancePsychic the Carver (Demigod Reaver)       Turns: 10393, Time: 00:19:25

Health: -24/95     AC:  6    Str: 13    XL:     11   Next: 16%
Magic:  19/20      EV: 14    Int: 23    God:
Gold:   328        SH:  5    Dex: 16    Spells: 13/18 levels left

rFire   . . .        v - +11 Singing Sword {sonic wave}
rCold   . . .        (no shield)
rNeg    . . .        w - +1 steam dragon scales
rPois   +            h - +0 helmet
rElec   .            L - +0 cloak
rCorr   .            (no gloves)
SInv    .            (no boots)
Will    ++...        f - amulet of reflection
Stlth   +++          l - ring of poison resistance
HPRegen 0.35/turn    q - +4 ring of slaying
MPRegen 0.17/turn

%: reflection
@: corroded, studying Stealth
A: high MP 1, forlorn, divine attributes, iridescent scales 1, strong-willed 1
a: no special abilities


You were on level 9 of the Dungeon.
You visited 1 branch of the dungeon, and saw 9 of its levels.
You also visited: Sewer.

You collected 388 gold pieces.
You spent 60 gold pieces at shops.

Inventory:

Hand Weapons
 v - the +11 Singing Sword (weapon) {sonic wave}
   (You found it on level 4 of the Dungeon)
Armour
 b - a +0 leather armour
 d - a +0 ring mail
 h - a +0 helmet (worn)
 w - +1 steam dragon scales (worn)
 L - a +0 cloak (worn)
Jewellery
 f - an amulet of reflection (around neck)
 k - an amulet of guardian spirit
 l - a ring of poison resistance (left hand)
 q - a +4 ring of slaying (right hand)
 t - a ring of wizardry
 C - a ring of fire
 H - a ring of ice
 I - a +5 ring of evasion
 N - a ring of magical power
Wands
 a - a wand of charming (12)
 e - a wand of flame (36)
 y - a wand of roots (6)
 E - a wand of acid (11)
 F - a wand of mindburst (14)
Scrolls
 c - 3 scrolls of immolation
 g - a scroll of torment
 i - 2 scrolls of silence
 j - 3 scrolls of enchant weapon
 r - a scroll of vulnerability
 u - 4 scrolls of poison
 x - 4 scrolls of teleportation {@r4}
 D - 2 scrolls of blinking
 J - 2 scrolls of magic mapping
 M - a scroll of enchant armour
 O - a scroll of identify {@r1}
Potions
 m - 2 potions of mutation
 n - 2 potions of might
 o - 3 potions of magic
 p - 3 potions of flight
 s - a potion of heal wounds {@q2}
 z - a potion of berserk rage
 A - 2 potions of brilliance
 G - a potion of cancellation
 K - a potion of attraction {unknown}
Miscellaneous
 B - a lightning rod (4/4)


   Skills:
 + Level 8.7 Fighting
 - Level 2.8(6.6) Short Blades
 * Level 9.5(9.7) Long Blades
 - Level 2.6 Polearms
 - Level 4.4 Dodging
 + Level 5.1 Stealth
 - Level 4.0 Spellcasting
 - Level 4.7 Conjurations
 - Level 3.6 Translocations
 - Level 3.8 Transmutations
 + Level 2.7 Evocations


You had 13 spell levels left.
You knew the following spells:

 Your Spells              Type           Power      Damage    Failure   Level
a - Kiss of Death         Conj/Necr      60%        2d10      4%          1
b - Momentum Strike       Conj/Tloc      46%        3d9       2%          2
c - Wereblood             Tmut           22%        N/A       3%          2

Your spell library contained the following spells:

 Spells                   Type           Power      Damage    Failure   Level
 Beastly Appendage        Tmut           44%        N/A       2%          1
 Foxfire                  Conj/Fire      60%        2x1d7     4%          1
 Static Discharge         Conj/Air       30%        2-4/arc   6%          2
 Passwall                 Tmut/Erth      10%        N/A       8%          2
 Slow                     Hex            16%        N/A       11%         1
 Hailstorm                Conj/Ice       15%        3d5       12%         3
 Spider Form              Tmut/Pois      13%        N/A       14%         3
 Ensorcelled Hibernation  Hex/Ice        8%         N/A       16%         2
 Passage of Golubria      Tloc           21%        N/A       24%         4
 Confusing Touch          Hex            4%         N/A       30%         3
 Swiftness                Air            4%         N/A       30%         3
 Tukima's Dance           Hex            4%         N/A       30%         3
 Vampiric Draining        Necr           4%         2d6       30%         3
 Airstrike                Air            2%         2d(1-17)  71%         4
 Anguish                  Hex/Necr       2%         N/A       71%         4
 Summon Lightning Spire   Summ/Air       4%         N/A       71%         4
 Fireball                 Conj/Fire      7%         3d5       73%         5
 Yara's Violent Unravell  Hex/Tmut       6%         3d5       80%         5
 Starburst                Conj/Fire      7%         6d4       99%         6
 Plasma Beam              Fire/Air       2%         2x1d13    100%        6


Dungeon Overview and Level Annotations

Branches:
Dungeon (9/15)             Temple (0/1) D:7           Sewer (visited)
   Lair: D:8-11         Orc: D:9-12

Shops:
D:7 ?

Annotations:
D:8 Gastronok


Innate Abilities, Weirdness & Mutations

You have an increased reservoir of magic. (+10% MP)
You shall have no god before yourself.
Your divine heritage dramatically boosts your attributes as you level up.
You are partially covered in iridescent scales. (AC +2)
You are strong-willed. (Will+)


Message History

You are too injured to fight recklessly!
You are too injured to fight recklessly!
You are too injured to fight recklessly!
You are too injured to fight recklessly!
You are too injured to fight recklessly!
You slash the boulder beetle!
The Singing Sword sings an ear-splitting high note.
You send a blast of sound all around you.
The boulder beetle is almost dead.
The boulder beetle bites you!
You hit the boulder beetle.
The boulder beetle is almost dead.
The boulder beetle bites you!
Casting: Momentum Strike (safe; 2% risk of failure)
Confirm with . or Enter, or press ? or * to list all spells.
Aiming: Momentum Strike (safe; 2% risk of failure)
Press: ? - help, Dir - move target, f - boulder beetle
Aim: a boulder beetle (almost dead, 100% to hit)
The concentrated momentum hits the boulder beetle!
You kill the boulder beetle!
You are unable to move.
Your Stealth skill increases to level 5!
You are no longer robbed of momentum.
An orc warrior comes into view. It is wielding a +0 glaive.
Unknown command.
A death knight comes into view.
It is wielding the +3 battleaxe of Temperance {venom, rElec Will++ Int+3 SInv}.
Items here: )) [ †.
An acid dragon comes into view.
The death knight drinks a potion.
The death knight seems to speed up.
The death knight offers itself to Yredelemnul, and fills with unholy energy.
Items here: )) [ †.
The acid dragon spits acid at you. The splash of acid hits you!!!
* * * LOW HITPOINT WARNING * * *
The acid corrodes you!
The death knight unwields the +3 battleaxe of Temperance {venom, rElec Will++ Int+3 SInv}.
It stops dripping with poison.
The death knight wields a +1 shortbow of freezing.
It is covered in frost.
The death knight shoots an arrow.
The arrow hits you!!
You die...

#....# #D..p# #....# #....#
#...# ###....# ##...## #......#
#.....# #....### ##.W⌠..#
#...)†.# #....... #####@.#
#....... ###.).# #...[...
##....############'##
#..#####...........†# ####..#
#...##..##.....## ##.....#
#............(...
###....<####..###.....>...##
##.......o......##...........#<
............................##.


You could see a death knight (fast, reflects damage), an orc warrior (wandering)
and an acid dragon (catching breath).

Vanquished Creatures
  A boulder beetle (D:9)
  2 two-headed ogres
  Pikel (D:8)
  2 cyclopes (D:7)
  A manticore (D:7)
  2 ugly things (D:7)
  An unseen horror (D:7)
  A kobold demonologist (D:7)
  A troll (D:9)
  A hornet (D:8)
  Grinder (Sewer)
  Sigmund (D:4)
  A shadow (D:7)
  3 wyverns
  A wraith (D:9)
  3 steam dragons
  A water moccasin (D:7)
  3 orc warriors
  2 sky beasts (D:7)
  5 ice beasts
  2 ogres (D:6)
  5 centaurs
  4 lemures (D:8)
  A kobold brigand (Sewer)
  Blork the orc (D:4)
  4 bullfrogs
  8 scorpions
  A necrophage (Sewer)
  The ghost of Spectrina the Trooper, a weakling HuMo (D:3)
  13 killer bees
  A howler monkey (D:7)
  2 hounds (D:6)
  3 jellies
  A gnoll bouda (D:7)
  6 orc priests
  Ijyb (D:4)
  An iguana (D:4)
  5 orc wizards
  11 adders
  9 gnolls
  3 shadow imps
  2 white imps (D:7)
  2 ufetubi
  An adder zombie (Sewer)
  2 worms (D:2)
  2 dart slugs (D:1)
  17 orcs
  7 ball pythons
  8 bats
  A bat zombie (Sewer)
  14 endoplasms
  6 giant cockroaches
  6 goblins
  7 hobgoblins
  6 jackals
  21 kobolds
  4 quokkas
  3 frilled lizards (D:3)
  A kobold zombie (Sewer)
  7 rats
234 creatures vanquished.

Vanquished Creatures (collateral kills)
  Crazy Yiuf (D:7)
1 creature vanquished.

Grand Total: 235 creatures vanquished

Notes
Turn   | Place    | Note
-------+----------+-------------------------------------------
     0 | D:1      | freelancePsychic the Demigod Reaver began the quest for the
                  | Orb.
     0 | D:1      | Reached XP level 1. HP: 17/17 MP: 5/5
   213 | D:1      | Reached XP level 2. HP: 24/24 MP: 7/7
   377 | D:1      | Reached skill level 1 in Translocations
  1207 | D:2      | Learned a level 2 spell: Momentum Strike
  1253 | D:2      | Reached XP level 3. HP: 27/29 MP: 8/8
  2519 | D:3      | Reached XP level 4. HP: 34/37 MP: 4/9
  2695 | D:3      | Found a runed translucent gate.
  2695 | D:3      | Found a runed translucent gate.
  2696 | D:3      | Found a runed translucent gate.
  2698 | D:3      | Noticed Spectrina's ghost (weakling HuMo)
  2794 | D:3      | Reached XP level 5. HP: 28/42 MP: 6/10
  3296 | D:3      | Killed Spectrina's ghost
  3358 | D:4      | Noticed Blork the orc
  3364 | D:4      | Killed Blork the orc
  3365 | D:4      | Reached XP level 6. HP: 17/49 MP: 5/11
  3573 | D:4      | Found a glowing drain.
  3603 | Sewer    | Entered a sewer
  3879 | Sewer    | Noticed Grinder
  3949 | Sewer    | Reached skill level 1 in Short Blades
  3956 | Sewer    | Paralysed by Grinder for 5 turns
  3966 | Sewer    | Paralysed by Grinder for 2 turns
  3970 | Sewer    | Paralysed by Grinder for 5 turns
  3978 | Sewer    | Paralysed by Grinder for 5 turns
  4002 | Sewer    | Killed Grinder
  4003 | Sewer    | Reached XP level 7. HP: 48/58 MP: 10/14
  4206 | D:4      | Noticed Sigmund
  4230 | D:5      | Entered Level 5 of the Dungeon
  4292 | D:4      | Killed Sigmund
  4332 | D:4      | Reached skill level 5 in Fighting
  4337 | D:4      | Reached XP level 8. HP: 59/68 MP: 17/17
  4354 | D:4      | Reached skill level 1 in Stealth
  4391 | D:4      | Found the +11 Singing Sword {sonic wave}
  4447 | D:4      | Noticed Ijyb
  4451 | D:4      | Killed Ijyb
  4914 | D:5      | Reached skill level 1 in Long Blades
  5449 | D:6      | Learned a level 2 spell: Wereblood
  5472 | D:6      | Reached skill level 2 in Long Blades
  5533 | D:6      | Reached skill level 1 in Transmutations
  5594 | D:6      | Reached skill level 3 in Long Blades
  6314 | D:7      | Reached skill level 4 in Long Blades
  6385 | D:7      | Reached XP level 9. HP: 44/77 MP: 18/18
  6549 | D:7      | Noticed a kobold demonologist
  6553 | D:7      | Killed a kobold demonologist
  6555 | D:7      | Reached skill level 5 in Long Blades
  6572 | D:7      | Noticed a manticore
  6577 | D:7      | Killed a manticore
  6582 | D:7      | Noticed a two-headed ogre
  6600 | D:7      | Gained mutation: You have a pair of small horns on your
                  | head. [potion of mutation]
  6600 | D:7      | Gained mutation: You are robust. (+10% HP) [potion of
                  | mutation]
  6647 | D:7      | HP: 4/85 [orc priest/nerve-wracking pain (13)]
  6647 | D:7      | HP: 1/85 [centaur/+0 quarterstaff (3)]
  6774 | D:7      | Reached skill level 6 in Long Blades
  6939 | D:7      | Lost mutation: You are robust. (+10% HP) [potion of
                  | mutation]
  6939 | D:7      | Lost mutation: You have a pair of small horns on your head.
                  | [potion of mutation]
  6939 | D:7      | Gained mutation: You are partially covered in iridescent
                  | scales. (AC +2) [potion of mutation]
  6939 | D:7      | Gained mutation: You are strong-willed. (Will+) [potion of
                  | mutation]
  6968 | D:7      | Killed a two-headed ogre
  7237 | D:7      | Noticed a green ugly thing
  7252 | D:7      | Noticed a red ugly thing
  7255 | D:7      | Killed a green ugly thing
  7256 | D:7      | Reached skill level 7 in Long Blades
  7256 | D:7      | Reached XP level 10. HP: 55/85 MP: 16/19
  7257 | D:7      | HP: 3/72 [red ugly thing (21)]
  7927 | D:7      | Noticed a cyclops
  7938 | D:7      | Killed a cyclops
  8108 | D:7      | Killed a red ugly thing
  8109 | D:7      | Reached skill level 8 in Long Blades
  8113 | D:7      | Noticed a cyclops
  8173 | D:7      | Killed a cyclops
  8705 | D:7      | Found The Oracle's Delphic Readings.
  8713 | D:7      | Bought a scroll of identify for 30 gold pieces
  8713 | D:7      | Bought a scroll of identify for 30 gold pieces
  8897 | D:7      | Found a staircase to the Ecumenical Temple.
  8960 | D:7      | Found a runed translucent door.
  8961 | D:7      | Noticed Crazy Yiuf
  8973 | D:7      | Killed Crazy Yiuf
  9189 | D:8      | Noticed a two-headed ogre
  9197 | D:8      | Killed a two-headed ogre
  9198 | D:8      | Reached skill level 1 in Evocations
  9450 | D:8      | Noticed Pikel
  9460 | D:8      | Killed Pikel
  9461 | D:8      | Reached skill level 9 in Long Blades
  9824 | D:8      | Noticed Gastronok
  9834 | D:8      | Paralysed by a hornet for 3 turns
 10091 | D:9      | Reached XP level 11. HP: 94/95 MP: 20/20
 10374 | D:9      | Noticed a boulder beetle
 10383 | D:9      | Killed a boulder beetle
 10384 | D:9      | Reached skill level 5 in Stealth
 10390 | D:9      | Identified the +3 battleaxe of Temperance {venom, rElec
                  | Will++ Int+3 SInv}
 10390 | D:9      | Noticed a death knight
 10393 | D:9      | HP: 3/95 [acid dragon/splash of acid (36)]
 10393 | D:9      | Shot with an arrow by a death knight

Illustrated notes

Levels and vault maps discovered:
D:1:      dpeg_arrival_round_a, layout_loops_corners,
          hellmonk_ecumenical_altar_heavens_door, kennysheep_nondescript,
          serial_park_tiny_2
D:2:      layout_basic, serial_co_window_serial, co_window_of_opportunity_a,
          co_window_paths_b, co_window_paths_b, co_window_corner_a,
          co_window_of_opportunity_a, co_window_paths_b, co_window_paths_a,
          co_window_broadway_a, co_window_broadway_c, co_window_paths_c,
          co_window_cross_3, co_window_4corner_a, glass_columns_b,
          glass_columns_a, glass_columns_a, glass_columns_a
D:3:      layout_basic, nicolae_overflow_ecumenical_swirl,
          ebering_ghost_rock_garden, serial_park_tiny_pond, chequers_arboretum,
          hangedman_decor_push
D:4:      old_forge, layout_rooms, fedhas_altar_1, mainiacjoe_overflow_brackets,
          okawaru_gym_becter, portal_sewer_entry_f,
          amcnicky_mini_rare_corridor_liquid, feat_on_display, uniq_ijyb,
          uniq_blork_the_orc, uniq_sigmund, uniq_menkaure
D:5:      layout_loops_cross
D:6:      layout_rooms, mainiacjoe_overflow_six_doors_small,
          lightli_temple_of_fire, due_unseen_surprise
D:7:      minmay_the_grid_square_5x5_3x3 [minmay_the_grid_square_5x5_inner_z,
          minmay_the_grid_square_5x5_inner_i, minmay_the_grid_square_5x5_tie,
          minmay_the_grid_square_5x5_meh,
          minmay_the_grid_square_5x5_megaprize_open,
          minmay_the_grid_square_5x5_minivault,
          minmay_the_grid_square_5x5_two_walls_b,
          minmay_the_grid_square_5x5_eight_small,
          minmay_the_grid_square_5x5_lines], layout_basic, kennysheep_mini,
          mainiacjoe_overflow_large_starburst, minmay_temple_entry_fiery,
          nicolae_nh_oracle_at_delphi, uniq_crazy_yiuf_cottage
D:8:      layout_gridville, kiku_gazebo_pond_becter, vehumet_altar_wand_db,
          uniq_pikel, uniq_gastronok
D:9:      layout_rooms, kennysheep_orc_sif_temple, nicolae_rejected_hall

Skill      XL: |  1  2  3  4  5  6  7  8  9 10 11 |
---------------+----------------------------------+-----
Fighting       | 2 3 5 6 7 8 |  8.7
Conjurations   | 3 4 |  4.7
Translocations | 1 2 3 |  3.6
Short Blades   | 1 2 |  2.8
Spellcasting   | 2 4 |  4.0
Stealth        | 2 4 5 |  5.1
Long Blades    | 4 7 9 |  9.5
Transmutations | 2 3 |  3.8
Dodging        | 3 4 |  4.4
Evocations     | 2 |  2.7
Polearms       | |  2.6

Action                     |  1- 3 |  4- 6 |  7- 9 | 10-12 || total
---------------------------+-------+-------+-------+-------++-------
  Melee: Spear             |   168 |   150 |       |       ||   318
         Punch             |       |     3 |     1 |     1 ||     5
         Short sword       |       |    40 |    71 |       ||   111
         Double sword      |       |       |   120 |   122 ||   242
         Headbutt          |       |       |     1 |       ||     1
   Cast: Momentum Strike   |     8 |    17 |    16 |     9 ||    50
         Kiss of Death     |       |     1 |     2 |     4 ||     7
         Wereblood         |       |       |     1 |     2 ||     3
  Evoke: Wand              |       |       |     2 |       ||     2
    Use: Scroll            |     9 |     4 |     4 |    10 ||    27
         Potion            |       |     2 |     4 |     2 ||     8
   Stab: Sleeping          |     1 |       |       |       ||     1
         Distracted        |       |       |       |     1 ||     1
 Armour: Leather armour    |     9 |       |       |       ||     9
         Ring mail         |    20 |    57 |    74 |     8 ||   159
         Skin              |       |    10 |       |       ||    10
         Steam dragon scal |       |       |       |    24 ||    24
  Dodge: Dodged            |    54 |    88 |   102 |    82 ||   326
  Block: Other             |       |       |       |    30 ||    30
         Reflection        |       |       |       |     1 ||     1
